 Dungeon Crawl Stone Soup version 0.17-a0-1545-gc1bb672 (webtiles) character file.

113 Eptagon the Insei (level 4, -1/30 HPs)
             Began as an Octopode Transmuter on July 18, 2015.
             Slain by a jackal (2 damage)
             ... on level 2 of the Dungeon.
             The game lasted 00:07:15 (2386 turns).

Eptagon the Insei (Octopode Transmuter)             Turns: 2386, Time: 00:07:15

Health: -1/30      AC:  1    Str:  9      XL:     4   Next: 96%
Magic:  6/7        EV: 12    Int: 19 (20) God:
Gold:   56         SH:  0    Dex: 13      Spells: 1 memorised, 6 levels left

rFire  . . .     SeeInvis .       - Unarmed
rCold  . . .     Clarity  .     (no shield)
rNeg   . . .     SustAt   .     (helmet restricted)
rPois  .         Gourm    .     (no amulet)
rElec  .         Spirit   .     (no ring)
rCorr  .         Warding  .     (no ring)
rMut   .         Stasis   .     (no ring)
MR     .....                    (no ring)
Stlth  ++........               (no ring)
                                (no ring)
                                (no ring)
                                (no ring)

@: brilliant, lethally poisoned (-1 -> -14), appendage, not resistant to hostile
enchantments, unstealthy
A: almost no armour, amphibious, 8 rings, constrict 8, tentacle spike 3,
camouflage 1, gelatinous body 1
a: End Transformation


You were on level 2 of the Dungeon.
You were hungry.
One of your tentacles had a temporary spike.
You visited 1 branch of the dungeon, and saw 2 of its levels.

You collected 56 gold pieces.

Inventory:

Scrolls
 a - a scroll of identify {unknown}
 e - a scroll of immolation {unknown}
 f - a scroll of magic mapping
 h - a scroll of teleportation {unknown}
 j - a scroll of remove curse
Potions
 g - a potion of curing
 i - a potion of brilliance
Books
 b - a book of Changes

   Spells                             Type                      Level
   a - Beastly Appendage              Transmutation                1
   b - Sticks to Snakes               Transmutation                2
   c - Spider Form                    Transmutation/Poison         3
   d - Ice Form                       Ice/Transmutation            4
   e - Blade Hands                    Transmutation                5
Comestibles
 c - 3 bread rations
 k - 2 chunks of flesh
 m - a meat ration


   Skills:
 + Level 2.6 Fighting
 - Level 2.0 Dodging
 * Level 4.7 Unarmed Combat
 - Level 2.0 Spellcasting
 - Level 2.0 Transmutations


You had 6 spell levels left.
You knew the following spells:

 Your Spells              Type           Power        Failure   Level  Hunger
a - Beastly Appendage     Trmt           ###...       1%          1    #......


Dungeon Overview and Level Annotations

Branches:
Dungeon (2/15)

Altars:

Annotations:
D:2 Sigmund


Innate Abilities, Weirdness & Mutations

You cannot wear most types of armour.
You are amphibious.
You can wear up to eight rings at the same time.
You can use your tentacles to constrict eight enemies at once.
Your skin changes colour to match your surroundings (Stealth).
Your rubbery body absorbs attacks (AC +1).
One of your tentacles bears a large vicious spike.


Message History

* * * LOW HITPOINT WARNING * * *
You closely miss the jackal. You grab the jackal.
You pierce the jackal.
The jackal is moderately wounded.
You constrict the jackal. The jackal bites you.
* * * LOW HITPOINT WARNING * * *
The jackal bites you.
* * * LOW HITPOINT WARNING * * *
Drink which item? (? for menu, Esc to quit)
It was a potion of degeneration.
There was something very wrong with that liquid.
You feel dopey.
You constrict the jackal. The jackal completely misses you.
Drink which item? (? for menu, Esc to quit)
It was a potion of poison.
That liquid tasted very nasty...
You are lethally poisoned!
You constrict the jackal, but do no damage.
* * * LOW HITPOINT WARNING * * *
You feel sick. The jackal bites you.
You die...

#.......##.##########.....†.##..
########......# #...######.#
#.#.##.# #...# #.# #######
#.#....# #...# ##.# ......#
#.###..# #...# #... ......#
#......#######>..#####.##
......####.....................#
........##.##..................#
......#.##....#.@..............#
......#.......#h#####......###.##
......####.####l# #....#.# #...
####### #......# #....#[# #.##
#l###### #....#.# #... ######.#
#....#.# #### #####.h..>.#
#......###### ......l#####
##...####.... ######.†#####
####.#### #.##.


You could see a jackal and a giant newt.

Vanquished Creatures
  Natasha (twice) (D:2)
  3 adders (D:2)
  A gnoll (D:1)
  3 worms (D:2)
  A giant gecko (D:2)
  2 giant cockroaches
  3 hobgoblins
  2 jackals (D:2)
  2 ball pythons (D:2)
  5 bats
  5 goblins
  5 kobolds (D:1)
  6 rats
40 creatures vanquished.

Notes
Turn   | Place    | Note
--------------------------------------------------------------
     0 | D:1      | Eptagon the Octopode Transmuter began the quest for the Orb.
     0 | D:1      | Reached XP level 1. HP: 13/13 MP: 3/3
   292 | D:1      | Reached XP level 2. HP: 9/18 MP: 5/5
   862 | D:1      | Reached XP level 3. HP: 22/24 MP: 6/6
  1323 | D:2      | Reached skill level 4 in Unarmed Combat
  1636 | D:2      | Noticed Natasha
  1639 | D:2      | Killed Natasha
  1639 | D:2      | Reached XP level 4. HP: 18/30 MP: 7/7
  1784 | D:2      | Noticed Sigmund
  1953 | D:2      | Noticed Natasha
  1982 | D:2      | Killed Natasha
  2386 | D:2      | HP: 1/30 [poison (a potion of poison)]
  2386 | D:2      | Slain by a jackal

Vault maps used:
D:1:      minmay_arrival_widening_spiral_wide
D:2:      first_bread, minmay_misc_feat_tiny, roderic_roman_lattice,
          uniq_sigmund, uniq_natasha

Action                   |  1- 3 |  4- 6 || total
-------------------------+-------+-------++-------
Melee: Unarmed           |    59 |    39 ||    98
 Cast: Beastly Appendage |       |     1 ||     1
  Use: Potion            |       |     4 ||     4
       Scroll            |       |     2 ||     2
 Stab: Sleeping          |     6 |     4 ||    10
  Eat: Chunk             |     2 |     2 ||     4
